 Dungeon Crawl Stone Soup version 0.28-a0-445-g51f8dfeb47 (webtiles) character file.

Game seed: 16971391145684976516

56 Morbidden the Firebug (level 3, 0/27 HPs)
             Began as a Demigod Fire Elementalist on Sept 12, 2021.
             Succumbed to a scorpion's poison
             ... on level 2 of the Dungeon.
             The game lasted 00:02:28 (2388 turns).

Morbidden the Firebug (Demigod Fire Elementalist)   Turns: 2388, Time: 00:02:29

Health: 0/27       AC:  2    Str:  9    XL:     3   Next: 47%
Magic:  3/8        EV: 12    Int: 21    God:
Gold:   55         SH:  0    Dex: 14    Spells: 0/6 levels left

rFire   . . .      SeeInvis +   (no weapon)
rCold   . . .      Faith    .   (no shield)
rNeg    . . .      Spirit   .   a - +0 robe
rPois   .          Reflect  .   (no helmet)
rElec   .          Harm     .   (no cloak)
rCorr   .          Rampage  .   (no gloves)
Will    .....                   (no boots)
Stlth   ++........              (no amulet)
HPRegen 0.09/turn               f - ring of see invisible
MPRegen 0.11/turn               (no ring)

@: brilliant, lethally poisoned (0 -> -12)
A: high mp 1, forlorn
a: no special abilities


You were on level 2 of the Dungeon.
You visited 1 branch of the dungeon, and saw 2 of its levels.

You collected 55 gold pieces.

Inventory:

Missiles
 d - 4 poisoned darts
Armour
 a - a +0 robe (worn)
Jewellery
 f - a ring of see invisible (left hand)
 h - an amulet of regeneration
Scrolls
 b - 2 scrolls of teleportation {unknown}
 c - a scroll of amnesia {unknown}
 g - a scroll of vulnerability {unknown}
 i - a scroll of immolation {unknown}
 j - a scroll of enchant weapon {unknown}
 l - a scroll of enchant armour {unknown}
Potions
 e - a potion of brilliance
 k - a potion of curing {unknown}


   Skills:
 * Level 0.4 Fighting
 + Level 1.7 Dodging
 + Level 1.8 Stealth
 * Level 2.1 Spellcasting
 * Level 1.7 Conjurations
 * Level 3.5 Fire Magic


You couldn't memorise any spells.
You knew the following spells:

 Your Spells              Type           Power      Damage    Failure   Level
a - Foxfire               Conj/Fire      76%        2x1d7     4%          1
b - Scorch                Fire           50%        2d8       5%          2
c - Stone Arrow           Conj/Erth      18%        3d8       30%         3

Your spell library contained the following spells:

 Spells                   Type           Power      Damage    Failure   Level
 Conjure Flame            Conj/Fire      19%        6-21      16%         3
 Inner Flame              Hex/Fire       14%        N/A       22%         3
 Flame Wave               Conj/Fire      19%        3d5       45%         4
 Animate Armour           Summ/Erth      6%         N/A       82%         4
 Lehudib's Crystal Spear  Conj/Erth      4%         10d3      100%        8


Dungeon Overview and Level Annotations

Branches:
Dungeon (2/15)


Innate Abilities, Weirdness & Mutations

Your attributes grow dramatically as you level up.
You have an increased reservoir of magic. (+10% MP)
You shall have no god before yourself.


Message History

A scorpion is nearby!
Casting: Foxfire (safe; 4% risk of failure)
Confirm with . or Enter, or press ? or * to list all spells.
Flames lash the scorpion.
The scorpion is moderately wounded.
The scorpion's fire resistance burns away.
The scorpion stings you.
You are poisoned.
The scorpion poisons you!
Unknown command.
Casting: Scorch (safe; 5% risk of failure)
Confirm with . or Enter, or press ? or * to list all spells.
You conjure some foxfire!
You feel very sick. The scorpion stings you!
You feel sick.
The scorpion is no longer more vulnerable to fire.
The foxfire hits the scorpion.
The scorpion is moderately wounded.
The scorpion stings you but does no damage.
Unknown command.
Your foxfire dissipates!
You feel sick. The scorpion closely misses you.
Casting: Foxfire (safe; 4% risk of failure)
Confirm with . or Enter, or press ? or * to list all spells.
Flames lash the scorpion.
The scorpion is severely wounded.
The scorpion's fire resistance burns away.
You feel sick. The scorpion barely misses you.
You feel sick. The scorpion stings you.
* * * LOW HITPOINT WARNING * * *
You are more poisoned.
The scorpion poisons you!
Unknown command.
Unknown command.
Unknown command.
Unknown command.
It was a potion of brilliance.
You feel clever all of a sudden.
You die...

####.# #
#.#.## ##
#.#..##..
#.#.P#..
#.#P.#..
#.#P##.#
#.# .#
#.####.#
#...@s.#
########


You could see a scorpion (inflammable).

Vanquished Creatures
  An adder (D:2)
  A worm (D:2)
  A dart slug (D:1)
  8 endoplasms
  A giant cockroach (D:2)
  5 goblins (D:1)
  3 hobgoblins
  2 quokkas
  3 ball pythons
  4 bats (D:1)
  3 frilled lizards (D:1)
  4 kobolds
  4 rats
40 creatures vanquished.

Vanquished Creatures (others)
  104 foxfires
104 creatures vanquished.

Grand Total: 144 creatures vanquished

Notes
Turn   | Place    | Note
-------+----------+-------------------------------------------
     0 | D:1      | Morbidden the Demigod Fire Elementalist began the quest for
                  | the Orb.
     0 | D:1      | Reached XP level 1. HP: 14/14 MP: 5/5
   599 | D:1      | Reached skill level 3 in Fire Magic
   711 | D:1      | Reached skill level 1 in Conjurations
   814 | D:1      | Reached XP level 2. HP: 20/20 MP: 4/7
   942 | D:1      | Learned a level 2 spell: Scorch
  1639 | D:1      | Reached XP level 3. HP: 26/26 MP: 0/8
  1897 | D:2      | Learned a level 3 spell: Stone Arrow
  2380 | D:2      | Noticed a scorpion
  2388 | D:2      | Succumbed to a scorpion's poison

Illustrated notes

Levels and vault maps discovered:
D:1:      minmay_arrival_widening_spiral_wide, layout_basic, st_stairs_10
D:2:      layout_loops_cross, serial_aquarium, aquarium_bridge_island_large
          [aquarium_subvault_large_water, aquarium_subvault_bridge,
          aquarium_subvault_bridge, aquarium_subvault_window,
          aquarium_subvault_bridge], aquarium_window_1, aquarium_window_fake,
          aquarium_window_fake, aquarium_window_2, aquarium_view_2c,
          aquarium_view_2d, aquarium_pool_2, hellmonk_ecumenical_altar_run_dry,
          minmay_misc_feat_chi, uniq_crazy_yiuf_cottage

Skill      XL: |  1  2 |
---------------+-------+-----
Fire Magic     | 3 |  3.5
Conjurations   | 1 |  1.7
Spellcasting   | 2 |  2.1
Fighting       | |  0.4
Dodging        | |  1.7
Stealth        | |  1.8

Action                   || total
-------------------------++-------
 Cast: Foxfire           ||    68
       Scorch            ||    14
  Use: Potion            ||     1
Armor: Robe              ||     4
Dodge: Dodged            ||     6

Table legend: (Time is in decaauts)
 A = Elapsed time spent in this place.
 B = Non-inter-level travel time spent in this place.
 C = Inter-level travel time spent in this place.
 D = Time resting spent in this place.
 E = Time spent auto-exploring this place.
 F = Levels seen in this place.
 G = Mean time per level.
                   A        B        C        D        E       F      G
               +--------+--------+--------+--------+--------+-----+--------+
         Total |   2387 |   2364 |     23 |    278 |   1783 |   2 | 1193.5 |
       Dungeon |   2387 |   2364 |     23 |    278 |   1783 |   2 | 1193.5 |
               +--------+--------+--------+--------+--------+-----+--------+

Top non-repeatable levels by time:
     D:1: 1794 daAuts
     D:2: 592 daAuts
